 Dungeon Crawl Stone Soup version 0.17.0-26-gececa24 (webtiles) character file.

8500 Raultor the Martial Artist (level 11, -8/92 HPs)
             Began as an Octopode Transmuter on Nov 19, 2015.
             Was a High Priest of Makhleb.
             Mangled by a four-headed hydra (17 damage)
             ... on level 10 of the Dungeon.
             The game lasted 00:38:31 (9595 turns).

Raultor the Martial Artist (Octopode Transmuter)    Turns: 9595, Time: 00:38:32

Health: -8/92      AC:  7    Str: 16    XL:     11   Next: 31%
Magic:  10/14      EV: 20    Int: 15    God:    Makhleb [*****.]
Gold:   377        SH:  0    Dex: 15    Spells: 2 memorised, 7 levels left

rFire  . . .     SeeInvis .       - Unarmed
rCold  + + .     Clarity  .     (shield currently unavailable)
rNeg   + . .     SustAt   .     (helmet currently unavailable)
rPois  +         Gourm    .     E - amulet of stasis
rElec  .         Spirit   .     e - +6 ring of evasion
rCorr  .         Warding  .     j - +2 ring of protection
rMut   .         Stasis   +     t - ring of positive energy
MR     .....                    A - ring of wizardry
Stlth  +.........               K - ring of fire
                                (no ring)
                                (no ring)
                                (no ring)

@: mighty, ice-form, not resistant to hostile enchantments, very unstealthy
A: almost no armour, amphibious, 8 rings, (constrict 8), (camouflage 0),
(gelatinous body 0)
a: End Transformation, Minor Destruction, Lesser Servant of Makhleb, Major
Destruction, Greater Servant of Makhleb, Renounce Religion


You were on level 10 of the Dungeon.
You worshipped Makhleb.
Makhleb was extremely pleased with you.
You were not hungry.
You were a creature of crystalline ice.
You visited 2 branches of the dungeon, and saw 11 of its levels.

You collected 427 gold pieces.
You spent 50 gold pieces at shops.

Inventory:

Missiles
 a - 240 arrows
 h - a throwing net (quivered)
 y - 222 stones
Armour
 M - a +3 buckler
Magical Staves
 q - an uncursed staff of cold
Jewellery
 e - a +6 ring of evasion (left front paw)
 j - a +2 ring of protection (right front paw)
 t - a ring of positive energy (on tentacle)
 A - a ring of wizardry (on tentacle)
 E - an amulet of stasis (around neck)
 K - a ring of fire (on tentacle)
 P - an uncursed amulet of guardian spirit
Wands
 p - a wand of polymorph (11)
 v - a wand of enslavement (24)
Scrolls
 d - 4 scrolls of enchant armour
 f - 2 scrolls of recharging
 g - a scroll of enchant weapon
 i - 3 scrolls of remove curse
 k - a scroll of magic mapping
 r - 2 scrolls of teleportation
 s - 2 scrolls of identify
 C - a scroll of amnesia
Potions
 m - 3 potions of curing
 x - a potion of cure mutation
 G - a potion of agility
 H - a potion of brilliance
 J - 2 potions of heal wounds
Books
 b - a book of Changes

   Spells                             Type                      Level
   a - Beastly Appendage              Transmutation                1
   b - Sticks to Snakes               Transmutation                2
   c - Spider Form                    Transmutation/Poison         3
   d - Ice Form                       Ice/Transmutation            4
   e - Blade Hands                    Transmutation                5
 O - a book of Beasts

   Spells                             Type                      Level
   a - Summon Butterflies             Summoning                    1
   b - Call Canine Familiar           Summoning                    3
   c - Summon Ice Beast               Ice/Summoning                4
   d - Summon Mana Viper              Hexes/Summoning              5
   e - Summon Hydra                   Summoning                    7
Comestibles
 c - 9 bread rations
 l - 2 meat rations
 n - 10 chunks of flesh
 o - 3 fruits
 w - 2 beef jerkies
 z - a royal jelly
 B - a slice of pizza


   Skills:
 * Level 8.1 Fighting
 + Level 8.2 Dodging
 + Level 8.9 Unarmed Combat
 - Level 2.0 Spellcasting
 - Level 8.6 Transmutations
 - Level 5.5 Ice Magic
 * Level 1.2 Invocations


You had 7 spell levels left.
You knew the following spells:

 Your Spells              Type           Power        Failure   Level  Hunger
b - Spider Form           Trmt/Pois      ##........   6%          3    ###....
c - Ice Form              Ice/Trmt       ##......     6%          4    #####..


Dungeon Overview and Level Annotations

Branches:
Dungeon (10/15)            Temple (1/1) D:5
   Lair: D:8-11         Orc: D:9-12

Altars:
Ashenzari
Cheibriados
Dithmenos
Elyvilon
Fedhas
Gozag
Kikubaaqudgha
Makhleb
Nemelex Xobeh
Okawaru
Qazlal
Ru
Sif Muna
Trog
Vehumet
Xom
Yredelemnul
Zin
The Shining One

Shops:
D:6 *


Innate Abilities, Weirdness & Mutations

You cannot wear most types of armour.
You are amphibious.
You can wear up to eight rings at the same time.
((You can use your tentacles to constrict eight enemies at once.))
((Your skin changes colour to match your surroundings (Stealth).))
((Your rubbery body absorbs attacks (AC +1).))


Message History

The four-headed hydra seems to slow down.
The four-headed hydra is lightly wounded.
You pummel the four-headed hydra!! You freeze the four-headed hydra!
The four-headed hydra is severely wounded.
The four-headed hydra barely misses you.
The four-headed hydra completely misses you.
The four-headed hydra bites you!
The four-headed hydra bites you but does no damage.
You barely miss the four-headed hydra.
The four-headed hydra is severely wounded.
You punch the four-headed hydra! You freeze the four-headed hydra.
The four-headed hydra seems to slow down.
The four-headed hydra is almost dead.
The four-headed hydra bites you!
* * * LOW HITPOINT WARNING * * *
The four-headed hydra bites you!
* * * LOW HITPOINT WARNING * * *
The four-headed hydra barely misses you.
The four-headed hydra bites you!
You die...

#.........### ##...## ####
#...........#####..## #...
#....)........).....###.##
###.........########......#
#..)........# #.#..####
######.########### ######.##...).
#......# ####...........##
#.####.### ######...............#
#...)....###..FDY................
#...##....)....###...............
#..# ####...#### #...............
#.. ##### #............... #.
#................ #.
#...............# #
#........#.....## ....###########


You could see a four-headed hydra and a giant frog.

Vanquished Creatures
  5 hill giants
  A kobold demonologist (D:10)
  2 trolls
  Grinder (D:6)
  A spriggan (D:7)
  A yak (D:9)
  A hungry ghost (D:9)
  Menkaure (D:5)
  Duvessa (D:6)
  4 ice beasts
  2 orc warriors
  2 sky beasts
  2 phantoms (D:8)
  4 centaurs
  5 ogres
  Blork the orc (D:6)
  3 big kobolds
  Dowan (D:6)
  3 giant frogs
  A gnoll sergeant (D:7)
  6 killer bees (D:7)
  4 scorpions
  3 wights (D:6)
  The ghost of M4edhros the Charlatan, a weakling OpAr (D:3)
  9 crimson imps
  A quasit (D:10)
  3 hounds
  3 orc priests
  2 centaur skeletons
  8 orc wizards
  3 iguanas
  9 worker ants
  A mummy (D:9)
  13 gnolls
  9 adders
  A shadow imp (D:6)
  2 oozes
  2 adder skeletons
  3 adder zombies
  3 worms
  5 giant geckos
  32 orcs
  3 ball pythons
  6 giant cockroaches
  6 goblins (D:1)
  7 hobgoblins
  17 jackals
  A ball python zombie (D:5)
  7 bats
  7 giant newts
  36 kobolds
  4 quokkas
  A quokka skeleton (D:4)
  5 rats
265 creatures vanquished.

Vanquished Creatures (others)
  A plant (D:7)
1 creature vanquished.

Grand Total: 266 creatures vanquished

Notes
Turn   | Place    | Note
--------------------------------------------------------------
     0 | D:1      | Raultor the Octopode Transmuter began the quest for the Orb.
     0 | D:1      | Reached XP level 1. HP: 13/13 MP: 3/3
   346 | D:1      | Reached XP level 2. HP: 13/18 MP: 5/5
   896 | D:1      | Reached XP level 3. HP: 23/23 MP: 6/6
  1333 | D:2      | Learned a level 3 spell: Spider Form
  1541 | D:2      | Reached skill level 4 in Transmutations
  1586 | D:2      | Reached XP level 4. HP: 17/28 MP: 7/7
  1977 | D:2      | Found a blossoming altar of Fedhas.
  2164 | D:3      | Found a faded altar to an unknown god.
  2249 | D:3      | Found a glowing silver altar of Zin.
  2328 | D:3      | Noticed M4edhros's ghost (weakling OpAr)
  2356 | D:3      | Killed M4edhros's ghost
  2511 | D:3      | Reached skill level 5 in Transmutations
  2548 | D:3      | Reached XP level 5. HP: 29/33 MP: 8/8
  2554 | D:3      | Learned a level 4 spell: Ice Form
  2749 | D:3      | Reached skill level 1 in Ice Magic
  3360 | D:4      | Noticed an ogre
  3372 | D:5      | Entered Level 5 of the Dungeon
  3468 | D:4      | Killed an ogre
  3468 | D:4      | Reached XP level 6. HP: 25/38 MP: 5/9
  4194 | D:5      | Found a staircase to the Ecumenical Temple.
  4226 | Temple   | Entered the Ecumenical Temple
  4465 | Temple   | Became a worshipper of Makhleb the Destroyer
  4652 | D:5      | Found an opulent altar of Gozag.
  4691 | D:5      | Noticed an ogre
  4699 | D:5      | Killed an ogre
  4699 | D:5      | Reached skill level 6 in Transmutations
  4699 | D:5      | Reached XP level 7. HP: 43/43 MP: 6/10
  4994 | D:5      | Noticed Menkaure
  4999 | D:5      | Killed Menkaure
  5397 | D:6      | Noticed Blork the orc
  5421 | D:6      | Noticed Grinder
  5448 | D:6      | Killed Grinder
  5448 | D:6      | Reached XP level 8. HP: 41/51 MP: 8/11
  5463 | D:6      | Killed Blork the orc
  5465 | D:6      | Reached skill level 5 in Unarmed Combat
  5542 | D:6      | Reached * piety under Makhleb
  5883 | D:6      | Reached skill level 5 in Ice Magic
  6055 | D:6      | Reached XP level 9. HP: 42/58 MP: 12/12
  6080 | D:6      | Noticed Duvessa
  6080 | D:6      | Noticed Dowan
  6098 | D:6      | Killed Duvessa
  6098 | D:6      | Reached skill level 5 in Dodging
  6124 | D:6      | Found Wompoimp's General Store.
  6127 | D:6      | Bought a potion of heal wounds for 50 gold pieces
  6134 | D:6      | Killed Dowan
  6373 | D:7      | Found a sacrificial altar of Ru.
  6391 | D:7      | Reached ** piety under Makhleb
  6700 | D:7      | Reached skill level 5 in Fighting
  6712 | D:7      | Reached *** piety under Makhleb
  7023 | D:7      | Found a shimmering altar of Xom.
  7096 | D:7      | Reached skill level 7 in Unarmed Combat
  7413 | D:7      | test
  7450 | D:8      | Reached **** piety under Makhleb
  7610 | D:8      | Reached XP level 10. HP: 68/68 MP: 13/13
  7767 | D:8      | Found a stormy altar of Qazlal.
  8228 | D:9      | Noticed a hill giant
  8235 | D:9      | Killed a hill giant
  8342 | D:9      | Found a snail-covered altar of Cheibriados.
  8801 | D:9      | Reached ***** piety under Makhleb
  8942 | D:9      | Reached skill level 8 in Unarmed Combat
  9012 | D:10     | Entered Level 10 of the Dungeon
  9123 | D:10     | Found a snail-covered altar of Cheibriados.
  9390 | D:10     | Noticed a hill giant
  9399 | D:10     | Killed a hill giant
  9399 | D:10     | Reached XP level 11. HP: 75/75 MP: 9/14
  9451 | D:10     | Noticed a hill giant
  9459 | D:10     | Killed a hill giant
  9511 | D:10     | Noticed a hill giant
  9525 | D:10     | Killed a hill giant
  9560 | D:10     | Noticed a hill giant
  9578 | D:10     | Killed a hill giant
  9578 | D:10     | Reached skill level 1 in Invocations
  9580 | D:10     | Noticed a four-headed hydra
  9595 | D:10     | Mangled by a four-headed hydra

Action                   |  1- 3 |  4- 6 |  7- 9 | 10-12 || total
-------------------------+-------+-------+-------+-------++-------
Melee: Unarmed           |    96 |   150 |   361 |   241 ||   848
 Cast: Spider Form       |       |     9 |       |     2 ||    11
       Ice Form          |       |       |    23 |    22 ||    45
  Use: Potion            |       |     3 |     3 |     1 ||     7
       Scroll            |       |       |       |    19 ||    19
 Stab: Sleeping          |    12 |     4 |     3 |       ||    19
  Eat: Chunk             |     2 |     9 |    12 |    13 ||    36
       Fruit             |       |     1 |       |       ||     1
       Bread ration      |       |       |     1 |       ||     1
